 Dungeon Crawl Stone Soup version 0.29.0-4-gdea44cf6ec (webtiles) character file.

Game seed: 16313178647339641458

1312 qw the Ruffian (level 8, -5/63 HPs)
             Began as a Ghoul Fire Elementalist on Aug 30, 2022.
             Killed from afar by Maggie (25 damage)
             ... with a bolt of fire
             ... on level 6 of the Dungeon.
             The game lasted 00:05:47 (6573 turns).

qw the Ruffian (Ghoul Fire Elementalist)            Turns: 6573, Time: 00:05:48

Health: -5/63      AC: 19    Str: 14    XL:     8   Next: 58%
Magic:  9/9        EV:  4    Int: 13    God:
Gold:   244        SH: 12    Dex:  9    Spells: 9/10 levels left

rFire   . . .      SeeInvis .     - Unarmed
rCold   + . .      Faith    .   a - +0 tower shield
rNeg    + + +      Spirit   .   h - +1 plate armour
rPois   inf        Reflect  .   (no helmet)
rElec   .          Harm     .   e - +0 cloak
rCorr   .          Rampage  .   p - +5 pair of gloves of the Ancient Gods {*Corrode Will+ Int+3}
Will    +....                   (no boots)
Stlth   ..........              b - amulet of the acrobat
HPRegen 0.00/turn               j - +4 ring of evasion
MPRegen 0.11/turn               (no ring)

@: inhibited regen
A: claws 1, cold resistance 1, negative energy resistance 3, inhibited
regeneration, torment resistance 2, devour on kill
a: no special abilities


You were on level 6 of the Dungeon.
You visited 2 branches of the dungeon, and saw 7 of its levels.
You also visited: Sewer.

You collected 244 gold pieces.


Innate Abilities, Weirdness & Mutations

You are immune to poison.
You have sharp fingernails.
Your flesh is cold resistant. (rC+)
You are immune to negative energy. (rN+++)
You do not regenerate when monsters are visible.
You are immune to unholy pain and torment.
You thrive by killing the living.


   Skills:
 - Level 3.1 Fighting
 - Level 2.0 Armour
 - Level 1.7 Dodging
 - Level 2.1 Stealth
 - Level 6.0 Shields
 + Level 6.9 Unarmed Combat
 - Level 1.7 Spellcasting
 - Level 0.7 Conjurations
 - Level 2.4 Fire Magic


You had 9 spell levels left.
You knew the following spells:

 Your Spells              Type           Power      Damage    Failure   Level
a - Foxfire               Conj/Fire      20%        2x1d5     100%        1

Your spell library contained the following spells:

 Spells                   Type           Power      Damage    Failure   Level
 Scorch                   Fire           14%        2d5       100%        2
 Conjure Flame            Conj/Fire      5%         6-21      100%        3
 Inner Flame              Hex/Fire       4%         N/A       100%        3
 Flame Wave               Conj/Fire      5%         2d5       100%        4

Inventory:

Armour
 a - a +0 tower shield (worn)
 e - a +0 cloak (worn)
 h - a +1 plate armour (worn)
 p - the +5 pair of gloves of the Ancient Gods (worn) {*Corrode Will+ Int+3}
   (You found it on level 5 of the Dungeon)

   Int:       It affects your intelligence (+3).
   *Corrode:  It may corrode you when you take damage.
   Will:      It increases your willpower.
Jewellery
 b - an amulet of the acrobat (around neck)
 j - a +4 ring of evasion (left hand)
 k - a ring of ice
Scrolls
 f - 3 scrolls of teleportation
 g - 2 scrolls of identify
Potions
 c - 2 potions of haste
 d - a potion of curing
 m - a potion of might
 n - a potion of brilliance {unknown}

Dungeon Overview and Level Annotations

Branches:
Dungeon (6/15)             Temple (1/1) D:4           Sewer (visited)

Altars:
Cheibriados
Gozag
Hepliaklqana
Kikubaaqudgha
Nemelex Xobeh
Qazlal
Sif Muna
Uskayaw
Vehumet
Xom
Yredelemnul

Annotations:
D:6 Maggie


Message History

Maggie hits you but does no damage.
You hit Maggie but do no damage.
Maggie is lightly wounded.
You block Maggie's attack.
You barely miss Maggie.
Maggie is lightly wounded.
Maggie gestures wildly while chanting.
Maggie draws you further into her thrall.
You hit Maggie but do no damage.
Maggie is lightly wounded.
Maggie hits you but does no damage. Maggie hits you with a +0 halberd.
You hit Maggie but do no damage.
Maggie is lightly wounded.
Maggie barely misses you.
You closely miss Maggie.
Maggie is lightly wounded.
You block Maggie's attack.
You hit Maggie.
Maggie is lightly wounded.
Maggie gestures at you while chanting. The bolt of fire hits you!
You hit Maggie.
Maggie is moderately wounded.
Maggie barely misses you. You block Maggie's attack.
You hit Maggie but do no damage.
Maggie is moderately wounded.
Maggie hits you with a +0 halberd!
You hit Maggie but do no damage.
Maggie is moderately wounded.
You block Maggie's attack.
You barely miss Maggie.
Maggie is moderately wounded.
You block Maggie's attack.
You hit Maggie but do no damage.
Maggie is moderately wounded.
You break out of your daze.
You are no longer corroded.
Maggie gestures at you while chanting. The bolt of fire hits you!!
You die...

### #######..
#......?#
#.#...#...#
#.........###..#
#......@.......#
##....@#.#######
##...##.# ####
#.# #.# #.#
#.### #.# ....#.
#.# #.#.#.
#####.# #.#.#.
#..!..# #.#.#.


You could see Maggie.

Vanquished Creatures
  Menkaure (D:4)
  A black bear (D:5)
  2 ogres (D:5)
  2 phantoms (D:4)
  Blork the orc (D:5)
  2 bullfrogs (Sewer)
  2 necrophages
  2 scorpions (D:6)
  A hound (D:5)
  A gnoll bouda (D:5)
  2 jellies
  5 gnolls (D:5)
  3 adders
  A river rat (D:4)
  2 white imps (D:6)
  An ufetubus (D:5)
  2 worms (D:3)
  3 dart slugs
  12 orcs
  11 ball pythons
  2 endoplasms (D:4)
  16 giant cockroaches
  11 goblins
  15 hobgoblins
  4 kobolds
  10 quokkas
  6 bats
  12 frilled lizards
  7 rats
140 creatures vanquished.

Notes
Turn   | Place    | Note
-------+----------+-------------------------------------------
     0 | D:1      | qw the Ghoul Fire Elementalist began the quest for the Orb.
     0 | D:1      | Reached XP level 1. HP: 14/14 MP: 2/2
     0 | D:1      | 0 ||| qw: Version: 0.1-a-90-g952f4b7
     0 | D:1      | 0 ||| qw: Game counter: 4287
     0 | D:1      | 0 ||| qw: Always use a shield: true
     0 | D:1      | 0 ||| qw: God list: Okawaru
     0 | D:1      | 0 ||| qw: Allow faded altars: false
     0 | D:1      | 0 ||| qw: Do Orc after D:15 true
     0 | D:1      | 0 ||| qw: Do second Lair branch before Depths: true
     0 | D:1      | 0 ||| qw: Lair rune preference: random
     0 | D:1      | 0 ||| qw: Plans: Normal
     0 | D:1      | 0 ||| PLANNING D:1-11
    48 | D:1      | Found a faded altar of an unknown god.
    83 | D:1      | Reached skill level 1 in Unarmed Combat
   259 | D:1      | Reached XP level 2. HP: 19/22 MP: 3/3
   332 | D:1      | Reached skill level 1 in Fighting
   800 | D:1      | 800 ||| UPGRADING to +0 ring mail.
   810 | D:1      | 810 ||| DROPPING +0 robe.
   811 | D:1      | 811 ||| UPGRADING to +0 chain mail.
   821 | D:1      | 821 ||| DROPPING +0 ring mail.
   822 | D:1      | 822 ||| UPGRADING to +4 ring of evasion.
   823 | D:1      | 823 ||| READING 3 scrolls labelled CIUXKU LEKLORO.
   824 | D:1      | 824 ||| READING scroll labelled LEPEAL LAKHYWK.
   825 | D:1      | 825 ||| READING scroll labelled LUL DONOBINOL.
   826 | D:1      | 826 ||| READING 2 scrolls of identify.
   826 | D:1      | 826 ||| IDENTIFYING bubbling blue potion
   827 | D:1      | 827 ||| DROPPING potion of magic.
   828 | D:1      | 828 ||| DROPPING potion of lignification.
   905 | D:2      | 905 ||| Stepping ~*~*~tactically~*~*~ (stealth).
  1003 | D:2      | Reached XP level 3. HP: 28/28 MP: 4/4
  1021 | D:2      | 1021 ||| Stepping ~*~*~tactically~*~*~ (stealth).
  1168 | D:2      | 1168 ||| Stepping ~*~*~tactically~*~*~ (stealth).
  1502 | D:2      | 1502 ||| UPGRADING to +0 tower shield.
  1507 | D:2      | 1507 ||| UPGRADING to amulet of the acrobat.
  1512 | D:2      | 1512 ||| READING 2 scrolls labelled KIBROA WUUF.
  1515 | D:2      | 1515 ||| READING scroll labelled VUSEKYJ SIVU.
  1516 | D:2      | 1516 ||| READING 2 scrolls of identify.
  1516 | D:2      | 1516 ||| IDENTIFYING golden potion
  1807 | D:3      | Found an opulent altar of Gozag.
  1819 | D:3      | 1819 ||| Stepping ~*~*~tactically~*~*~ (hiding).
  1838 | D:3      | Reached skill level 1 in Shields
  1901 | D:3      | Reached XP level 4. HP: 32/35 MP: 5/5
  2542 | D:3      | Paralysed by a hobgoblin for 2 turns
  2697 | D:3      | 2697 ||| Stepping ~*~*~tactically~*~*~ (hiding).
  2745 | D:3      | 2745 ||| READING scroll labelled AWOERI YDUECLAEPP.
  2746 | D:3      | 2746 ||| READING scroll labelled KOGEUSMEXKYZ.
  2747 | D:3      | 2747 ||| READING scroll labelled ESIUZ HAIMA.
  2748 | D:3      | 2748 ||| READING 3 scrolls of identify.
  2748 | D:3      | 2748 ||| IDENTIFYING inky potion
  2749 | D:3      | 2749 ||| READING 2 scrolls of identify.
  2749 | D:3      | 2749 ||| IDENTIFYING yellow potion
  2750 | D:3      | 2750 ||| DROPPING potion of attraction.
  2751 | D:3      | 2751 ||| DROPPING potion of degeneration.
  2830 | D:4      | 2830 ||| PLANNING SEWER
  2856 | D:4      | Noticed a necrophage
  2875 | D:4      | Killed a necrophage
  2876 | D:4      | Reached skill level 3 in Shields
  2876 | D:4      | Reached XP level 5. HP: 21/40 MP: 6/6
  3023 | D:4      | Identified the +1 leather armour "Caxag" {rElec}
  3067 | D:4      | Reached skill level 3 in Unarmed Combat
  3197 | D:4      | Found a glowing drain.
  3203 | Sewer    | Entered a sewer
  3376 | Sewer    | 3376 ||| Stepping ~*~*~tactically~*~*~ (water).
  3466 | Sewer    | 3466 ||| Stepping ~*~*~tactically~*~*~ (stealth).
  3522 | Sewer    | Reached XP level 6. HP: 16/47 MP: 7/7
  3940 | Sewer    | 3940 ||| UPGRADING to +0 plate armour.
  3950 | Sewer    | 3950 ||| DROPPING +0 chain mail.
  3951 | Sewer    | 3951 ||| READING scroll of enchant armour.
  3951 | Sewer    | 3951 ||| ENCHANTING +0 plate armour.
  3971 | D:4      | 3971 ||| PLANNING D:1-11
  4023 | D:4      | Reached skill level 1 in Armour
  4062 | D:4      | 4062 ||| Stepping ~*~*~tactically~*~*~ (stealth).
  4063 | D:4      | Noticed Menkaure
  4064 | D:4      | 4064 ||| Stepping ~*~*~tactically~*~*~ (hiding).
  4065 | D:4      | 4065 ||| Stepping ~*~*~tactically~*~*~ (hiding).
  4084 | D:4      | Killed Menkaure
  4085 | D:4      | Reached skill level 3 in Fighting
  4085 | D:4      | Reached XP level 7. HP: 24/57 MP: 8/8
  4275 | D:4      | Found a staircase to the Ecumenical Temple.
  4276 | D:4      | 4276 ||| PLANNING TEMPLE
  4283 | Temple   | Entered the Ecumenical Temple
  4376 | Temple   | 4376 ||| PLANNING D:1-11
  4398 | D:4      | 4398 ||| Stepping ~*~*~tactically~*~*~ (stealth).
  4402 | D:4      | 4402 ||| Stepping ~*~*~tactically~*~*~ (stealth).
  4549 | D:4      | 4549 ||| Stepping ~*~*~tactically~*~*~ (stealth).
  4642 | D:4      | 4642 ||| Stepping ~*~*~tactically~*~*~ (outnumbered).
  4749 | D:4      | 4749 ||| Stepping ~*~*~tactically~*~*~ (hiding).
  5027 | D:4      | 5027 ||| UPGRADING to +0 cloak.
  5032 | D:4      | 5032 ||| UPGRADING to +0 pair of gloves.
  5037 | D:4      | 5037 ||| DRINKING 2 sapphire potions.
  5047 | D:5      | Entered Level 5 of the Dungeon
  5225 | D:5      | Found a snail-covered altar of Cheibriados.
  5248 | D:5      | Reached XP level 8. HP: 56/63 MP: 9/9
  5350 | D:5      | Noticed Blork the orc
  5368 | D:5      | HP: 8/63 [Blork the orc/+0 glaive (8)]
  5369 | D:5      | 5369 ||| READING 5 scrolls of teleportation.
  5370 | D:5      | 5370 ||| DRINKING 2 potions of heal wounds.
  5536 | D:5      | Killed Blork the orc
  5572 | D:5      | 5572 ||| Stepping ~*~*~tactically~*~*~ (stealth).
  5583 | D:5      | 5583 ||| Stepping ~*~*~tactically~*~*~ (stealth).
  5709 | D:5      | Reached skill level 6 in Unarmed Combat
  5718 | D:5      | Identified the +5 pair of gloves of the Ancient Gods
                  | {*Corrode Will+ Int+3}
  5952 | D:5      | HP: 14/63 [ogre/+0 giant club (15)]
  5953 | D:5      | 5953 ||| READING 4 scrolls of teleportation.
  5954 | D:5      | 5954 ||| DRINKING potion of heal wounds.
  6080 | D:5      | 6080 ||| Stepping ~*~*~tactically~*~*~ (stealth).
  6119 | D:5      | 6119 ||| Stepping ~*~*~tactically~*~*~ (stealth).
  6312 | D:5      | 6312 ||| UPGRADING to +5 pair of gloves of the Ancient Gods
                  | {*Corrode Will+ Int+3}.
  6322 | D:5      | 6322 ||| DROPPING +0 pair of gloves.
  6323 | D:5      | 6323 ||| READING 2 scrolls of identify.
  6323 | D:5      | 6323 ||| IDENTIFYING coppery potion
  6366 | D:6      | Reached skill level 6 in Shields
  6368 | D:6      | 6368 ||| Stepping ~*~*~tactically~*~*~ (stealth).
  6369 | D:6      | 6369 ||| Stepping ~*~*~tactically~*~*~ (stealth).
  6396 | D:6      | 6396 ||| Stepping ~*~*~tactically~*~*~ (stealth).
  6551 | D:6      | Noticed Maggie
  6573 | D:6      | Killed from afar by Maggie

Levels and vault maps discovered:
D:1:      lightli_arrival_boilingwater, layout_loops_cross,
          hellmonk_ecumenical_altar_lost_god
D:2:      layout_basic
D:3:      minmay_diamond_boxcup, layout_loops_corners, grunt_gozag_statues
D:4:      layout_basic, minmay_temple_entry_glassed_door,
          gup_sewer_entry_bubbles, grunt_ministairs_4, uniq_menkaure
D:5:      nicolae_cairo_tiling_very_big, layout_basic, lemuel_doored_altar,
          corexii_shack, uniq_blork_the_orc
D:6:      layout_loops_cross, kennysheep_okawaru_gauntlet, old_standard_altar,
          uniq_maggie, uniq_eustachio
Temple:   kb_temple_of_zot

Skill      XL: |  1  2  3  4  5  6  7  8 |
---------------+-------------------------+-----
Unarmed Combat | 1 2 3 4 5 6 |  6.9
Fighting       | 1 3 |  3.1
Shields        | 1 3 4 5 6 |  6.0
Armour         | 1 2 |  2.0
Dodging        | |  1.7
Stealth        | |  2.1
Spellcasting   | |  1.7
Conjurations   | |  0.7
Fire Magic     | |  2.4

Action                   |  1- 3 |  4- 6 |  7- 9 || total
-------------------------+-------+-------+-------++-------
Melee: Unarmed           |   167 |   278 |   261 ||   706
       Punch             |     1 |       |       ||     1
Throw: Boomerang         |     6 |    32 |    32 ||    70
  Use: Scroll            |     7 |     6 |     3 ||    16
       Potion            |       |       |     3 ||     3
 Stab: Sleeping          |     1 |       |       ||     1
Armor: Robe              |     5 |       |       ||     5
       Chain mail        |    53 |   125 |       ||   178
       Plate armour      |       |     7 |   119 ||   126
Dodge: Dodged            |    51 |    61 |    41 ||   153
Block: Tower shield      |    28 |   178 |   181 ||   387

Table legend:
 A = Non-vault XP
 B = Vault XP
 C = Vault XP percentage of total XP
 D = Non-vault monster count
 E = Vault monster count
 F = Vault count percentage of total count
                 A         B        C        D         E       F
            +---------+---------+-------+---------+---------+-------
      Total |    1305 |     570 |  30.4 |      91 |      49 |  35.0
            +---------+---------+-------+---------+---------+-------
        D:1 |      24 |       0 |   0.0 |      14 |       0 |   0.0
        D:2 |      29 |       0 |   0.0 |      17 |       0 |   0.0
        D:3 |      45 |      19 |  29.7 |      19 |       8 |  29.6
        D:4 |     342 |     205 |  37.5 |      23 |      10 |  30.3
        D:5 |     641 |      95 |  12.9 |      13 |       2 |  13.3
        D:6 |     224 |       0 |   0.0 |       5 |       0 |   0.0
      Sewer |       0 |     251 | 100.0 |       0 |      29 | 100.0
            +---------+---------+-------+---------+---------+-------
